 Dungeon Crawl Stone Soup version 0.28.0-43-g3370ac3207 (webtiles) character file.

Game seed: 3846102781841867350

1808 Faeu the Skirmisher (level 8, 0/74 HPs)
             Began as a Minotaur Fighter on Mar 22, 2022.
             Succumbed to a killer bee's poison
             ... on level 7 of the Dungeon on Mar 23, 2022.
             The game lasted 00:22:27 (5723 turns).

Faeu the Skirmisher (Minotaur Fighter)              Turns: 5723, Time: 00:22:27

Health: 0/74       AC: 10    Str: 23    XL:     8   Next: 84%
Magic:  7/7        EV:  9    Int:  5    God:
Gold:   326        SH:  5    Dex: 10    Spells: 7/7 levels left

rFire   . . .      SeeInvis +   q - +1 dagger (flame) {short}
rCold   . . .      Faith    .   c - +0 buckler
rNeg    . . .      Spirit   .   b - +0 scale mail
rPois   .          Reflect  .   p - +1 hat {SInv}
rElec   .          Harm     .   (no cloak)
rCorr   .          Rampage  .   i - +0 pair of gloves
Will    .....                   (no boots)
Stlth   ..........              (no amulet)
HPRegen 0.22/turn               (no ring)
MPRegen 0.10/turn               (no ring)

@: mighty, lethally poisoned (0 -> -4)
A: horns 2, retaliatory headbutt
a: no special abilities


You were on level 7 of the Dungeon.
You visited 1 branch of the dungeon, and saw 7 of its levels.

You collected 326 gold pieces.


Innate Abilities, Weirdness & Mutations

You have a pair of horns on your head.
You reflexively headbutt those who attack you in melee.


   Skills:
 + Level 7.8 Fighting
 + Level 7.2 Long Blades
 + Level 7.7 Armour
 + Level 7.7 Shields


You had 7 spell levels left.
You didn't know any spells.
Your spell library contained the following spells:

 Spells                   Type           Power      Damage    Failure   Level
 Summon Small Mammal      Summ           0%         N/A       83%         1
 Call Canine Familiar     Summ           0%         N/A       99%         3
 Portal Projectile        Hex/Tloc       0%         N/A       99%         3
 Summon Guardian Golem    Hex/Summ       0%         N/A       99%         3
 Blade Hands              Tmut           0%         N/A       100%        5
 Excruciating Wounds      Necr           0%         N/A       100%        5

Inventory:

Hand Weapons
 a - a +0 long sword {long}
 q - a +1 dagger of flaming (weapon) {short}
   (You took it off a goblin on level 3 of the Dungeon)
 t - a +1 dagger of freezing {short}
   (You took it off a goblin on level 3 of the Dungeon)
 y - a +0 great sword {long}
   (You found it on level 6 of the Dungeon)
Missiles
 n - 2 datura-tipped darts (quivered) {throwing}
Armour
 b - a +0 scale mail (worn)
 c - a +0 buckler (worn)
 i - a +0 pair of gloves (worn)
   (You found it on level 1 of the Dungeon)
 p - a +1 hat of see invisible (worn)
   (You found it on level 3 of the Dungeon)
Scrolls
 f - a scroll of amnesia {unknown}
 l - a scroll of blinking {!r}
 r - a scroll of noise {unknown}
 v - 2 scrolls of vulnerability {unknown}
 w - a scroll of torment {unknown}
 x - 2 scrolls of enchant weapon
 A - a scroll of immolation {unknown}
 B - a scroll of brand weapon {unknown}
Potions
 d - a potion of might
 e - a potion of ambrosia {unknown}
 g - a potion of cancellation {unknown}
 j - 3 potions of haste {@q3}
 k - 2 potions of lignification {unknown}
 m - a potion of brilliance {unknown}
 o - 2 potions of attraction {unknown}
 s - 2 potions of curing {unknown}
 u - a potion of invisibility {unknown}
 z - 2 potions of heal wounds {unknown}

Dungeon Overview and Level Annotations

Branches:
Dungeon (7/15)
 Temple: D:4-7

Altars:
Nemelex Xobeh
Zin

Portals:
Bailey: D:7

######### ........########
................
................
................
.......y@.......
...###y######## .... #..y.#
..... #.##.# ..... #####.#
..[..#####.....##############
............................
..........y.............(...
#..).ยงy#################


You could see 2 killer bees.


Message History

The shadow imp hits you but does no damage.
A killer bee comes into view. ๐Ÿ˜ฎ HP[-1]
You take 1 damage, and now have 49/74 hp.
You barely miss the shadow imp.
You headbutt the shadow imp, but do no damage.
You feel sick.
The shadow imp hits you but does no damage. ๐Ÿ˜ฎ HP[-2]
You take 2 damage, and now have 47/74 hp.
You hit the shadow imp. You burn the shadow imp.
You feel sick.
A killer bee comes into view.
The shadow imp hits you. ๐Ÿ˜ฎ HP[-3]
You take 3 damage, and now have 44/74 hp.
You closely miss the shadow imp.
You feel sick.
The killer bee buzzes angrily.
You hear an angry buzzing noise.
You hear an angry hiss. ๐Ÿ˜ฎ HP[-1]
You take 1 damage, and now have 43/74 hp.
You barely miss the shadow imp.
The killer bee buzzes angrily.
Your headbutt misses the shadow imp.
You feel sick. The shadow imp hits you. ๐Ÿ˜ฎ HP[-1]
You take 1 damage, and now have 42/74 hp.
You feel sick.
The killer bee stings you but does no damage. ๐Ÿ˜ฎ HP[-1]
You take 1 damage, and now have 41/74 hp.
You feel sick. The killer bee stings you.
* * * LOW HITPOINT WARNING * * *
๐Ÿ˜จ HP[-6]
You take 6 damage, and now have 35/74 hp.
You feel sick.
You are no longer poisoned.
The killer bee closely misses you. ๐Ÿ˜จ HP[-1]
You take 1 damage, and now have 34/74 hp. ๐Ÿ˜จ HP[+1]
The killer bee stings you but does no damage.
The shadow imp gestures at you. Pain shoots through your body!
* * * LOW HITPOINT WARNING * * *
The killer bee stings you.
* * * LOW HITPOINT WARNING * * *
The killer bee stings you.
* * * LOW HITPOINT WARNING * * *
You see here a +0 spear {polearm}. ๐Ÿ˜ฑ HP[-17]
You take 17 damage, and now have 18/74 hp.
MASSIVE DAMAGE!! (PAUSE)
You block the killer bee's attack.
You see here a +0 spear {polearm}.
The killer bee stings you but does no damage.
The killer bee stings you.
* * * LOW HITPOINT WARNING * * *
The killer bee stings you.
* * * LOW HITPOINT WARNING * * *
๐Ÿ˜ฑ HP[-9]
You take 9 damage, and now have 9/74 hp.
Blink to where?
Press: ? - help, Dir - move target
As you read the scroll of blinking {!r}, it crumbles to dust. ๐Ÿ˜ฑ HP[+1]
The killer bee barely misses you.
You feel very mighty all of a sudden.
The killer bee stings you but does no damage. x2 ๐Ÿ˜ฑ HP[+1]
You miss the killer bee. The killer bee stings you.
* * * LOW HITPOINT WARNING * * *
The killer bee stings you but does no damage. ๐Ÿ˜ฑ HP[-1]
You take 1 damage, and now have 10/74 hp.
You closely miss the killer bee.
The killer bee stings you but does no damage.
You block the killer bee's attack. The killer bee stings you.
* * * LOW HITPOINT WARNING * * *
You are lethally poisoned!
The killer bee poisons you!
The killer bee closely misses you. ๐Ÿ˜ฑ HP[-6]
You take 6 damage, and now have 4/74 hp.
Unknown command.
You miss the killer bee.
* * * LOW HITPOINT WARNING * * *
You feel sick. The killer bee barely misses you.
The killer bee closely misses you. You furiously retaliate!
You headbutt the killer bee!
The killer bee barely misses you. ๐Ÿ˜ฑ HP[-2]
You take 2 damage, and now have 2/74 hp.
You hit the killer bee. You burn the killer bee.
* * * LOW HITPOINT WARNING * * *
You feel sick.
You block the killer bee's attack. ๐Ÿ˜ฑ HP[-1]
You take 1 damage, and now have 1/74 hp.
You barely miss the killer bee. You headbutt the killer bee.
You kill the killer bee!
* * * LOW HITPOINT WARNING * * *
You feel sick.
You miss the killer bee.
You die...

Skill      XL: |  1  2  3  4  5  6  7  8 |
---------------+-------------------------+-----
Fighting       | 4 5 6 7 |  7.8
Armour         | 4 5 6 7 |  7.7
Shields        | 4 5 6 7 |  7.7
Long Blades    | 3 4 5 6 7 |  7.2

Action                   |  1- 3 |  4- 6 |  7- 9 || total
-------------------------+-------+-------+-------++-------
Melee: Long sword        |    81 |   115 |    42 ||   238
       Headbutt          |    10 |    19 |    25 ||    54
       Dagger            |       |       |   110 ||   110
  Use: Scroll            |       |       |     4 ||     4
       Potion            |       |       |     1 ||     1
Armor: Scale mail        |    51 |    42 |    62 ||   155
Dodge: Dodged            |    41 |    57 |    51 ||   149
Block: Buckler           |    22 |    24 |    26 ||    72

Levels and vault maps discovered:
D:1:      kennysheep_arrival_seaside, layout_loops_ring,
          hellmonk_ecumenical_altar_watching_god, chequers_serial_rivers_marsh
D:2:      layout_rooms, minmay_split_cup_large
D:3:      layout_loops_ring, nemelex_diamond_rough_becter,
          kennysheep_generic_room_16
D:4:      layout_gridville, minmay_misc_feat_x, feat_on_display
D:5:      layout_loops_ring, skrybe_limestone_x, minivault_11,
          nicolae_concentric_dashed_squares_wild, minmay_misc_feat_cross,
          uniq_eustachio
D:6:      layout_basic, zin_treasury
D:7:      layout_basic, marbit_many_paths, minmay_temple_entry_grid,
          enter_bailey_2

Notes
Turn   | Place    | Note
-------+----------+-------------------------------------------
     0 | D:1      | Faeu the Minotaur Fighter began the quest for the Orb.
     0 | D:1      | Reached XP level 1. HP: 19/19 MP: 0/0
     0 | D:1      | magus.rc [v1.9.6]
   261 | D:1      | Noticed a great orb of eyes
   264 | D:1      | Noticed a great orb of eyes
   267 | D:1      | Found a faded altar of an unknown god.
   268 | D:1      | Noticed a great orb of eyes
   268 | D:1      | Noticed an eye of devastation
   284 | D:1      | Reached XP level 2. HP: 27/27 MP: 1/1
   849 | D:2      | Reached skill level 4 in Fighting
   849 | D:2      | Reached skill level 4 in Armour
   849 | D:2      | Reached skill level 4 in Shields
   930 | D:2      | Reached skill level 3 in Long Blades
   930 | D:2      | Reached XP level 3. HP: 33/33 MP: 2/2
  1304 | D:2      | You fall into a shaft and drop 2 floors!
  1336 | D:4      | Reached XP level 4. HP: 27/41 MP: 3/3
  1625 | D:4      | Noticed a bullfrog
  1632 | D:4      | Killed a bullfrog
  1633 | D:4      | Reached skill level 4 in Long Blades
  1633 | D:4      | Reached XP level 5. HP: 45/47 MP: 4/4
  1694 | D:4      | Reached skill level 5 in Fighting
  1694 | D:4      | Reached skill level 5 in Armour
  1694 | D:4      | Reached skill level 5 in Shields
  1927 | D:3      | You pick up a book of Weapons and begin reading...
  1927 | D:3      | You add the spells Portal Projectile, Excruciating Wounds
                  | and Blade Hands to your library.
  2254 | D:3      | You pick up a book of Callings and begin reading...
  2254 | D:3      | You add the spells Summon Small Mammal, Call Canine
                  | Familiar and Summon Guardian Golem to your library.
  2697 | D:3      | Reached XP level 6. HP: 56/56 MP: 5/5
  2720 | D:3      | Found a sparkling altar of Nemelex Xobeh.
  2915 | D:4      | Noticed a water moccasin
  2922 | D:4      | Killed a water moccasin
  3184 | D:5      | Entered Level 5 of the Dungeon
  3551 | D:5      | Noticed Eustachio
  3572 | D:5      | Killed Eustachio
  3573 | D:5      | Reached skill level 6 in Fighting
  3573 | D:5      | Reached skill level 5 in Long Blades
  3573 | D:5      | Reached XP level 7. HP: 55/63 MP: 6/6
  3678 | D:5      | Reached skill level 6 in Armour
  3678 | D:5      | Reached skill level 6 in Shields
  4131 | D:6      | Found a glowing silver altar of Zin.
  4242 | D:6      | Reached skill level 6 in Long Blades
  4242 | D:6      | Reached XP level 8. HP: 63/71 MP: 7/7
  4414 | D:6      | Reached skill level 7 in Fighting
  4657 | D:5      | Reached skill level 7 in Armour
  4657 | D:5      | Reached skill level 7 in Shields
  5103 | D:6      | Reached skill level 7 in Long Blades
  5662 | D:7      | Found a flagged portal.
  5709 | D:7      | HP: 18/74 [killer bee (4)]
  5718 | D:7      | HP: 10/74 [killer bee (1)]
  5719 | D:7      | HP: 4/74 [killer bee (6)]
  5721 | D:7      | HP: 1/74 [poisoned by a killer bee]
  5723 | D:7      | Succumbed to a killer bee's poison

Vanquished Creatures
  Eustachio (D:5)
  3 water moccasins
  4 necrophages
  An orc warrior (D:6)
  An ice beast (D:6)
  A sky beast (D:5)
  2 bullfrogs
  2 killer bees (D:7)
  A bullfrog zombie (D:5)
  A jelly (D:5)
  2 orc priests (D:6)
  3 hounds
  An iguana (D:5)
  2 bullfrog skeletons (D:5)
  A centaur skeleton (D:5)
  An orc wizard (D:6)
  2 hound skeletons (D:4)
  A howler monkey zombie (D:5)
  7 adders
  An ufetubus (D:6)
  An adder zombie (D:5)
  2 worms (D:2)
  8 orcs
  7 ball pythons
  5 bats
  6 endoplasms
  4 giant cockroaches
  6 goblins
  9 hobgoblins
  2 quokkas (D:4)
  4 frilled lizards
  5 kobolds
  6 rats
103 creatures vanquished.

Table legend:
 A = Non-vault XP
 B = Vault XP
 C = Vault XP percentage of total XP
 D = Non-vault monster count
 E = Vault monster count
 F = Vault count percentage of total count
                 A         B        C        D         E       F
            +---------+---------+-------+---------+---------+-------
      Total |    2355 |     228 |   8.8 |      96 |       7 |   6.8
            +---------+---------+-------+---------+---------+-------
        D:1 |      22 |       0 |   0.0 |      15 |       0 |   0.0
        D:2 |      61 |      17 |  21.8 |      20 |       4 |  16.7
        D:3 |      30 |       3 |   9.1 |       9 |       2 |  18.2
        D:4 |     411 |       0 |   0.0 |      21 |       0 |   0.0
        D:5 |     501 |     208 |  29.3 |      11 |       1 |   8.3
        D:6 |    1096 |       0 |   0.0 |      17 |       0 |   0.0
        D:7 |     234 |       0 |   0.0 |       3 |       0 |   0.0
            +---------+---------+-------+---------+---------+-------

Illustrated notes

Table legend:
 A = Kills in this place as a percentage of kills in entire the game.
 B = Kills by you in this place as a percentage of kills by you in the entire game.
 C = Kills by friends in this place as a percentage of kills by friends in the entire game.
 D = Other kills in this place as a percentage of other kills in the entire game.
 E = Experience gained in this place as a percentage of experience gained in the entire game.
 F = Experience gained in this place divided by the number of levels of this place that you have seen.
                   A       B       C       D       E      F
               +-------+-------+-------+-------+-------+----------------------
         Total | 100.0 | 100.0 |   N/A |   N/A | 100.0 | 369.0
       Dungeon | 100.0 | 100.0 |   N/A |   N/A | 100.0 | 369.0
               +-------+-------+-------+-------+-------+----------------------

Table legend: (Time is in decaauts)
 A = Elapsed time spent in this place.
 B = Non-inter-level travel time spent in this place.
 C = Inter-level travel time spent in this place.
 D = Time resting spent in this place.
 E = Time spent auto-exploring this place.
 F = Levels seen in this place.
 G = Mean time per level.
                   A        B        C        D        E       F      G
               +--------+--------+--------+--------+--------+-----+--------+
         Total |   5772 |   5457 |    315 |    523 |   3917 |   7 |  824.6 |
       Dungeon |   5772 |   5457 |    315 |    523 |   3917 |   7 |  824.6 |
               +--------+--------+--------+--------+--------+-----+--------+

Top non-repeatable levels by time:
     D:6: 1225 daAuts
     D:5: 974 daAuts
     D:4: 892 daAuts
     D:1: 861 daAuts
     D:3: 826 daAuts
     D:2: 656 daAuts
     D:7: 335 daAuts
